 Dungeon Crawl Stone Soup version 0.21.1-1-g345015fe64 (webtiles) character file.

45338 Balth the Carver (level 14, 0/225 HPs)
             Began as a Troll Berserker on Mar 30, 2018.
             Was a High Priest of Trog.
             Slain by a jumping spider (10 damage)
             ... on level 2 of the Lair of Beasts.
             The game lasted 01:04:00 (14288 turns).

Balth the Carver (Troll Berserker)                 Turns: 14288, Time: 01:04:01

Health: 0/225      AC: 12    Str: 47    XL:     14   Next: 0%
Magic:  13/13      EV:  8    Int: 15    God:    Trog [*****.]
Gold:   1219       SH:  0    Dex: 16    Spells: 13/13 levels left

rFire    . . .     SeeInvis .   a - +10 falchion "Hellblazer" {drain, Str+6}
rCold    . . .     Gourm    +   (no shield)
rNeg     . . .     Faith    +   x - +4 robe of Augmentation {Str+4 Int+4 Dex+4}
rPois    +         Spirit   .   (helmet restricted)
rElec    +         Reflect  .   I - +2 cloak
rCorr    .         Harm     .   (gloves unavailable)
MR       ++++.     Rnd*Rage +   (boots unavailable)
Stlth    ..........             e - amulet of Kentutaz {Faith rElec Int+5 Dex+3}
HPRegen  1.87/turn              E - ring of Monotheism {rPois MR+}
MPRegen  0.13/turn              r - +3 ring of strength

@: berserking, held, regenerating, very quick
A: large, unfitting armour, claws 3, horns 1, berserk 1, fast metabolism 3,
gourmand, regeneration 1, robust 1, shaggy fur 1, tough skin 2
a: Berserk, Trog's Hand, Brothers in Arms, Burn Spellbooks, Renounce Religion


You were on level 2 of the Lair of Beasts.
You worshipped Trog.
Trog was extremely pleased with you.
You were very full.

You visited 2 branches of the dungeon, and saw 17 of its levels.
You also visited: Ossuary.

You collected 1472 gold pieces.
You spent 253 gold pieces at shops.

Inventory:

Hand Weapons
 a - the +10 falchion "Hellblazer" (weapon) {drain, Str+6}
   (You took it off an orc on level 3 of the Dungeon)

   A truly terrible weapon, it drains the life of those it strikes.
   It affects your strength (+6).
 b - a +1 hunting sling of flaming
 d - a +2 great sword of holy wrath
 k - the +1 dagger of the Grave {freeze, +Blink Str-3 SInv}
   (You found it on level 4 of the Dungeon)

   It has been specially enchanted to freeze those struck by it, causing extra
   injury to most foes and up to half again as much damage against particularly
   susceptible opponents.
   It can also slow down cold-blooded creatures.
   It affects your strength (-3).
   It lets you see invisible.
   It lets you blink.
 l - a +1 falchion of flaming
 v - a +4 quarterstaff of chaos
 w - the cursed +0 flail "Xoheoce" {pain, *Corrode rC++ Dex+4 Stlth+}
   (You found it on level 1 of the Lair of Beasts)

   In the hands of one skilled in necromantic magic, it inflicts extra damage on
   living creatures.
   It affects your dexterity (+4).
   It greatly protects you from cold.
   It may corrode you when you take damage.
   It makes you more stealthy.
   It has a curse placed upon it.
 A - a +6 longbow of velocity
 G - a +2 great mace of protection
 T - a +0 blowgun
 Y - a +2 longbow of flaming
 Z - a +1 antimagic dire flail
Missiles
 g - 188 sling bullets
 o - 687 arrows
 p - 48 poisoned needles
 z - 12 javelins (quivered)
 D - 9 needles of confusion
 S - 5 poisoned tomahawks
Armour
 x - the +4 robe of Augmentation (worn) {Str+4 Int+4 Dex+4}
   (You found it on level 2 of the Lair of Beasts)

   It affects your strength (+4).
   It affects your intelligence (+4).
   It affects your dexterity (+4).
 C - a +2 troll leather armour
 I - a +2 cloak (worn)
 K - the +2 robe of Minor Irritation {Str+2}
   (You found it on level 7 of the Dungeon)

   It affects your strength (+2).
Jewellery
 e - the amulet of Kentutaz (around neck) {Faith rElec Int+5 Dex+3}
   (You acquired it on level 10 of the Dungeon)

   [amulet of faith]

   It allows you to gain divine favour quickly.
   It affects your intelligence (+5).
   It affects your dexterity (+3).
   It insulates you from electricity.
 r - a +3 ring of strength (right claw)
 E - the ring of Monotheism (left claw) {rPois MR+}
   (You took it off an orc warrior on level 7 of the Dungeon)

   [ring of protection from magic]

   It protects you from poison.
   It affects your resistance to hostile enchantments.
 N - an uncursed ring of protection from fire
 O - a +5 ring of evasion {unknown}
 R - a +2 ring of slaying {unknown}
 V - an uncursed amulet of rage {unknown}
Wands
 m - a wand of iceblast (39)
 q - a wand of flame (146)
 s - a wand of disintegration (29)
 H - a wand of random effects (89)
 J - a wand of digging (23)
 W - a wand of polymorph (9)
 X - a wand of scattershot (6)
Scrolls
 h - 3 scrolls of enchant armour
 i - 7 scrolls of teleportation
 j - 9 scrolls of remove curse
 n - 2 scrolls of fog
 u - 4 scrolls of enchant weapon
 y - 4 scrolls of fear
 L - a scroll of brand weapon {unknown}
 P - 8 scrolls of magic mapping
Potions
 f - 4 potions of curing
 t - 2 potions of haste
 B - 3 potions of heal wounds
 F - 2 potions of flight
 M - a potion of lignification
 Q - 4 potions of ambrosia
Comestibles
 c - 24 rations


   Skills:
 + Level 8.9 Fighting
 * Level 14.1 Long Blades
 - Level 3.8(4.1) Maces & Flails
 - Level 1.9(3.0) Staves
 * Level 4.7 Slings
 - Level 1.6 Armour
 + Level 8.9 Dodging
 + Level 3.8 Stealth
 + Level 1.0 Evocations


You had 13 spell levels left.
You didn't know any spells.

Dungeon Overview and Level Annotations

Branches:
Dungeon (15/15)            Temple (0/1) D:6            Lair (2/6) D:10
  Swamp (0/4) Lair:2       Spider (0/4) Lair:2          Orc (0/2) D:9
 Vaults (0/5) D:14         Depths (0/5) D:15

Altars:
Fedhas
Gozag
Makhleb
Nemelex Xobeh
Qazlal
Ru
Sif Muna
Trog
Uskayaw
Vehumet

Shops:
D:10 *   D:12 (   D:13 *


Innate Abilities, Weirdness & Mutations

You are too large for most types of armour.
You have claws for hands.
Your metabolism is lightning-fast.
You like to eat raw meat.
Your natural rate of healing is unusually fast.
You are covered in fur. (AC +1)
You have very tough skin. (AC +2)
You have a pair of small horns on your head.
You tend to lose your temper in combat.
You are robust. (+10% HP)


Message History

The redback bites you!
* * * LOW HITPOINT WARNING * * *
The wolf spider hits you but does no damage.
The wolf spider bites you.
* * * LOW HITPOINT WARNING * * *
The jumping spider leaps!
A red film seems to cover your vision as you go berserk!
You feel yourself moving faster!
You feel mighty!
Your ogre closely misses the jumping spider.
The jumping spider closely misses you. The jumping spider bites you.
* * * LOW HITPOINT WARNING * * *
The wolf spider hits you.
* * * LOW HITPOINT WARNING * * *
The wolf spider bites you.
* * * LOW HITPOINT WARNING * * *
The redback bites you but does no damage.
You struggle to detach yourself from the web.
You feel a strong urge to attack something.
The jumping spider pounces on you!
You die...

######.....P##
#.#.#........#
#.P..........#
#............#
#P...s......P#
#...........#
#........O.#
##†.......s##
♣♣
##.....##.^@##
§♣♣
#..#######§ss#
§≈♣ ##P.#
#^^^..# §§♣
#...# ##^.^.#
§§♣###..##
#.....#
≈♣♣..#...#
##.....#
♣♣...<.###
#..>.#
.......##
#...#
........# ##.#


You could see a wolf spider, 2 jumping spiders, a redback and a friendly ogre
(berserk).

Vanquished Creatures
  A fire giant (D:15)
  4 vault guards (D:14)
  2 hydras
  Erica (D:8)
  A centaur warrior (D:15)
  4 two-headed ogres
  A tengu warrior (D:13)
  Urug (D:15)
  The ghost of Alannah the Ducker, a novice TrGl of Wu Jian (D:8)
  3 unseen horrors
  Pikel (D:9)
  An orc knight (D:15)
  A deep elf mage (D:13)
  2 wolf spider zombies
  2 cyclopes
  2 ugly things (D:11)
  Maurice (D:9)
  4 slime creatures
  A black mamba (Lair:2)
  A manticore (D:11)
  The ghost of tensugalgo the Chopper, a novice NaWn (D:4)
  A gargoyle (D:14)
  Joseph (D:9)
  3 centaur skeletons
  A spiny frog (Lair:1)
  A freezing wraith (D:14)
  2 kobold demonologists (D:15)
  5 komodo dragons
  An efreet (D:14)
  3 tengu conjurers (D:13)
  A hornet (D:14)
  5 trolls
  3 meliai (D:15)
  A meliai zombie (D:14)
  4 blink frogs (Lair:1)
  A centaur simulacrum (D:14)
  7 hippogriffs
  A shadow (D:14)
  Sigmund (D:3)
  A spriggan (D:7)
  A spriggan (shapeshifter) (D:15)
  3 wraiths
  19 yaks
  4 wyverns
  A hungry ghost (D:9)
  2 basilisks
  A warg (D:15)
  5 vampire mosquitoes (D:14)
  A two-headed ogre zombie (D:9)
  An acid dragon (D:11)
  4 porcupines
  4 water moccasins
  3 sky beasts
  6 orc warriors
  2 ice beasts
  2 black bears
  5 phantoms
  A necrophage (D:11)
  4 ogres
  13 centaurs
  6 crocodiles
  6 big kobolds
  6 bullfrogs
  A wyvern zombie (D:15)
  5 scorpions
  9 killer bees
  9 wights
  A troll zombie (D:9)
  4 howler monkeys
  3 lava snakes (D:11)
  6 crimson imps
  3 centaur zombies
  8 jellies
  2 quasits (D:5)
  3 hounds
  A human zombie (Ossuary)
  Crazy Yiuf (D:2)
  8 orc priests
  12 worker ants
  5 iguanas
  10 orc wizards
  6 ogre zombies (D:9)
  A big kobold zombie (Ossuary)
  A hound skeleton (D:5)
  2 mummies (Ossuary)
  A worker ant zombie (D:11)
  4 gnolls (D:9)
  A howler monkey skeleton (D:7)
  9 adders
  4 shadow imps
  3 oozes
  An adder skeleton (D:7)
  4 worms
  A dart slug (D:4)
  5 leopard geckos
  59 orcs
  6 bats
  6 giant cockroaches
  4 gnoll zombies (Ossuary)
  10 hobgoblins
  17 jackals
  26 kobolds
  6 quokkas
  2 ball pythons
  3 frilled lizards
  7 goblins
  A goblin skeleton (D:9)
  3 goblin zombies (Ossuary)
  A hobgoblin skeleton (D:9)
  5 hobgoblin zombies
  An orc skeleton (D:9)
  20 orc zombies
  15 rats
  A bush (D:8)
506 creatures vanquished.

Vanquished Creatures (collateral kills)
  Nessos (D:13)
  A death knight (D:15)
  A centaur warrior (D:15)
  3 ugly things (D:14)
  2 slime creatures (D:12)
  A spiny frog (Lair:1)
  A kobold demonologist (D:14)
  An efreet (D:15)
  2 freezing wraiths (D:15)
  A tyrant leech (Lair:2)
  An orc warrior (D:15)
  A sky beast (D:12)
  8 centaurs
  A bullfrog (Lair:1)
  6 wights
  A hound (D:12)
  2 orc wizards
  5 orcs
  A quokka (D:12)
40 creatures vanquished.

Vanquished Creatures (others)
  4 slaves (D:9)
  A goblin skeleton (D:9)
  A goblin zombie (D:9)
  A fungus (Lair:2)
7 creatures vanquished.

Grand Total: 553 creatures vanquished

Notes
Turn   | Place    | Note
-------+----------+-------------------------------------------
     0 | D:1      | Balth the Troll Berserker began the quest for the Orb.
     0 | D:1      | Reached XP level 1. HP: 22/22 MP: 0/0
    71 | D:1      | Reached XP level 2. HP: 26/29 MP: 1/1
   237 | D:1      | Reached ** piety under Trog
   279 | D:1      | Reached XP level 3. HP: 36/36 MP: 2/2
   844 | D:2      | Found a sacrificial altar of Ru.
  1055 | D:2      | Found a runed door.
  1102 | D:2      | Reached XP level 4. HP: 45/45 MP: 3/3
  1278 | D:2      | Noticed Crazy Yiuf
  1283 | D:2      | Killed Crazy Yiuf
  1348 | D:3      | Noticed Sigmund
  1355 | D:3      | Killed Sigmund
  1355 | D:3      | Reached skill level 1 in Staves
  1355 | D:3      | Reached skill level 1 in Armour
  1355 | D:3      | Reached XP level 5. HP: 33/53 MP: 4/4
  1372 | D:3      | Found a hide-covered altar of Uskayaw.
  1391 | D:3      | Reached XP level 6. HP: 61/61 MP: 5/5
  1428 | D:3      | Found an opulent altar of Gozag.
  1461 | D:3      | Reached *** piety under Trog
  1582 | D:3      | Got a sapphire falchion {drain}
  1619 | D:3      | Identified the +10 falchion "Hellblazer" {drain, Str+6} (You took it off an orc on level 3 of the Dungeon)
  2011 | D:4      | Got a twisted dagger
  2276 | D:4      | Noticed tensugalgo's ghost (novice NaWn)
  2285 | D:4      | Killed tensugalgo's ghost
  2285 | D:4      | Reached skill level 2 in Long Blades
  2285 | D:4      | Reached skill level 1 in Stealth
  2285 | D:4      | Reached XP level 7. HP: 68/68 MP: 6/6
  2305 | D:4      | Gained mutation: You tend to lose your temper in combat. [potion of mutation]
  2305 | D:4      | Gained mutation: You are robust. (+10% HP) [potion of mutation]
  2305 | D:4      | Gained mutation: You have a pair of small horns on your head. [potion of mutation]
  2864 | D:5      | Entered Level 5 of the Dungeon
  2928 | D:5      | Reached skill level 3 in Long Blades
  3029 | D:5      | Reached **** piety under Trog
  3029 | D:5      | Reached XP level 8. HP: 70/85 MP: 7/7
  3220 | D:5      | Found a sparkling altar of Nemelex Xobeh.
  3241 | D:5      | Reached skill level 4 in Long Blades
  3578 | D:5      | HP: 2/85 [ogre/giant club (20)]
  3580 | D:5      | Reached skill level 5 in Long Blades
  3988 | D:6      | Found a staircase to the Ecumenical Temple.
  4057 | D:6      | Found a sand-covered staircase.
  4067 | Ossuary  | Entered an ossuary
  4335 | D:6      | Reached skill level 5 in Dodging
  4555 | D:6      | Reached ***** piety under Trog
  4555 | D:6      | Reached skill level 6 in Long Blades
  4559 | D:6      | Reached XP level 9. HP: 40/93 MP: 8/8
  4957 | D:6      | Identified the +1 dagger of the Grave {freeze, +Blink Str-3 SInv} (You found it on level 4 of the Dungeon)
  5042 | D:7      | Got a fine wooden ring
  5048 | D:7      | Identified the ring of Monotheism {rPois MR+} (You took it off an orc warrior on level 7 of the Dungeon)
  5098 | D:7      | Reached skill level 7 in Long Blades
  5518 | D:7      | Got a silken robe
  5519 | D:7      | Identified the +2 robe of Minor Irritation {Str+2} (You found it on level 7 of the Dungeon)
  5907 | D:8      | Reached skill level 5 in Fighting
  5909 | D:8      | Reached skill level 8 in Long Blades
  5979 | D:8      | Noticed Alannah's ghost (novice TrGl)
  5996 | D:8      | Killed Alannah's ghost
  5996 | D:8      | Reached XP level 10. HP: 105/105 MP: 9/9
  6196 | D:8      | Found a blossoming altar of Fedhas.
  6414 | D:8      | Noticed Erica
  6424 | D:8      | Killed Erica
  6424 | D:8      | Reached skill level 9 in Long Blades
  6791 | D:9      | Killed an unseen horror
  6835 | D:9      | Received a gift from Trog
  6835 | D:9      | Reached skill level 10 in Long Blades
  6869 | D:9      | Found a burning altar of Makhleb.
  6883 | D:9      | Noticed Pikel
  6894 | D:9      | Killed Pikel
  6959 | D:9      | Found a staircase to the Orcish Mines.
  7059 | D:9      | Reached XP level 11. HP: 86/115 MP: 10/10
  7212 | D:9      | Found a stormy altar of Qazlal.
  7212 | D:9      | Found a faded altar of an unknown god.
  7223 | D:9      | Found a faded altar of an unknown god.
  7225 | D:9      | Found a deep blue altar of Sif Muna.
  7227 | D:9      | Found a bloodstained altar of Trog.
  7442 | D:9      | Noticed Joseph
  7443 | D:9      | Noticed Maurice
  7449 | D:9      | Killed Joseph
  7586 | D:9      | Killed Maurice
  7765 | D:10     | Entered Level 10 of the Dungeon
  7847 | D:10     | Reached skill level 11 in Long Blades
  7945 | D:10     | Noticed a two-headed ogre
  7955 | D:10     | Killed a two-headed ogre
  8037 | D:10     | Found Egahel's General Store.
  8088 | D:10     | Found a staircase to the Lair.
  8430 | D:10     | Identified a scroll of acquirement
  8433 | D:10     | Got a heavily runed golden amulet
  8434 | D:10     | Identified the amulet of Kentutaz {Faith rElec Int+5 Dex+3} (You acquired it on level 10 of the Dungeon)
  8483 | D:11     | HP: 4/117 [manticore (8)]
  8496 | D:11     | Reached skill level 1 in Slings
  8497 | D:11     | Received a gift from Trog
  8757 | D:11     | Noticed a purple ugly thing
  8767 | D:11     | Killed a purple ugly thing
  8816 | D:11     | Noticed a white ugly thing
  8830 | D:11     | Killed a white ugly thing
  8831 | D:11     | Killed an unseen horror
  9503 | D:12     | Reached XP level 12. HP: 74/129 MP: 11/11
  9626 | D:12     | Reached skill level 12 in Long Blades
  9631 | D:12     | Received a gift from Trog
  9659 | D:12     | Found Rabar's Antique Weapon Shop.
  9668 | D:12     | Bought an ichor-stained great sword for 253 gold pieces
  9668 | D:12     | Identified the cursed +3 great sword of Car Goni {venom, Dex+3} (You bought it in a shop on level 12 of the Dungeon)
 10080 | D:13     | Noticed Nessos
 10088 | D:13     | Killed Nessos
 10134 | D:13     | Noticed a two-headed ogre
 10138 | D:13     | Found Foifet's Assorted Antiques.
 10143 | D:13     | Killed a two-headed ogre
 10298 | D:13     | Noticed a six-headed hydra
 10308 | D:13     | Killed a six-headed hydra
 10401 | D:13     | Received a gift from Trog
 10476 | D:13     | Noticed a tengu warrior
 10487 | D:13     | Killed a tengu warrior
 10773 | D:14     | Found a gate to the Vaults.
 10773 | D:14     | Noticed a vault guard
 10773 | D:14     | Noticed a vault guard
 10773 | D:14     | Noticed a vault guard
 10774 | D:14     | Noticed a vault guard
 10789 | D:14     | Killed a vault guard
 10797 | D:14     | Killed a vault guard
 11231 | D:14     | Reached skill level 13 in Long Blades
 11315 | D:14     | Reached XP level 13. HP: 83/139 MP: 12/12
 11653 | D:15     | Entered Level 15 of the Dungeon
 12160 | D:15     | Found a radiant altar of Vehumet.
 12236 | D:15     | Noticed a fire giant
 12246 | D:15     | Killed a fire giant
 12289 | D:15     | Noticed Urug
 12302 | D:15     | Killed Urug
 12350 | D:15     | Received a gift from Trog
 12440 | D:15     | Found a staircase to the Depths.
 12756 | D:13     | Reached skill level 1 in Evocations
 12952 | Lair:1   | Entered Level 1 of the Lair of Beasts
 13017 | Lair:1   | Received a gift from Trog
 13256 | Lair:1   | Reached skill level 14 in Long Blades
 13811 | Lair:1   | Got a bloodstained flail
 13812 | Lair:1   | Identified the cursed +0 flail "Xoheoce" {pain, *Corrode rC++ Dex+4 Stlth+} (You found it on level 1 of the Lair of Beasts)
 14070 | Lair:2   | Found the +4 robe of Augmentation {Str+4 Int+4 Dex+4}
 14206 | Lair:2   | Reached XP level 14. HP: 135/150 MP: 13/13
 14220 | Lair:2   | Found a staircase to the Swamp.
 14267 | Lair:2   | Found a hole to the Spider Nest.
 14287 | Lair:2   | HP: 11/225 [wolf spider (5)]
 14288 | Lair:2   | Slain by a jumping spider

Skill      XL: |  1  2  3  4  5  6  7  8  9 10 11 12 13 |
---------------+----------------------------------------+-----
Maces & Flails | 3 |  3.8
Fighting       | 3 4 5 6 7 8 |  8.9
Dodging        | 3 4 5 6 7 8 |  8.9
Staves         | 1 |  1.9
Armour         | 1 |  1.6
Long Blades    | 2 3 6 8 10 11 13 14 | 14.1
Stealth        | 1 2 3 |  3.8
Slings         | 2 3 4 |  4.7
Evocations     | 1 |  1.0

Action                   |  1- 3 |  4- 6 |  7- 9 | 10-12 | 13-15 || total
-------------------------+-------+-------+-------+-------+-------++-------
Melee: Mace              |   161 |    11 |       |       |       ||   172
       Quarterstaff      |       |    79 |       |     5 |    17 ||   101
       Falchion          |       |    29 |   240 |   567 |   271 ||  1107
       Headbutt          |       |       |    50 |   162 |   104 ||   316
 Fire: Shortbow          |       |       |     3 |       |       ||     3
       Hunting sling     |       |       |       |    13 |     3 ||    16
Invok: Berserk           |     1 |     2 |     3 |     6 |     5 ||    17
       Burn Spellbooks   |       |       |     1 |     2 |       ||     3
       Trog's Hand       |       |       |       |     7 |     6 ||    13
       Brothers in Arms  |       |       |       |     6 |     5 ||    11
Evoke: Wand              |       |       |       |     5 |     7 ||    12
  Use: Scroll            |       |     7 |     8 |    15 |     7 ||    37
       Potion            |       |     1 |     7 |    13 |     4 ||    25
 Stab: Petrifying        |       |     1 |       |       |       ||     1
       Petrified         |       |     1 |       |       |       ||     1
       Sleeping          |       |       |     1 |     7 |     3 ||    11
       Distracted        |       |       |       |     2 |       ||     2
  Eat: Chunk             |    12 |    12 |    30 |    30 |    10 ||    94
       Ration            |       |       |     3 |     9 |    10 ||    22
Armor: Animal skin       |    70 |    47 |   115 |       |       ||   232
       Robe              |       |       |     4 |   213 |    80 ||   297
Dodge: Dodged            |   131 |    77 |   127 |   345 |   186 ||   866
       Rpst.: Falchion   |       |     4 |    21 |    80 |    41 ||   146
